 Dungeon Crawl Stone Soup version 0.31-a0-219-g8d62b2e7bb (webtiles) character file.

Game seed: 6691654250556627635

891 ketsa the Cudgeller (level 8, -2/51 HPs)
             Began as a Gargoyle Monk on July 3, 2023.
             Was an Initiate of Gozag.
             Slain by a wight
             ... wielding a +0 hand axe
              (6 damage)
             ... on level 6 of the Dungeon.
             The game lasted 00:12:27 (4048 turns).

ketsa the Cudgeller (Gargoyle Monk)                 Turns: 4048, Time: 00:12:27

Health: -2/51      AC: 15    Str: 15 (16) XL:     8   Next: 6%
Magic:  8/8        EV:  9    Int:  9 (12) God:    Gozag
Gold:   161        SH:  0    Dex:  9 (12) Spells: 7/7 levels left

rFire   + . .        a - +0 mace
rCold   + . .        d - orb {light}
rNeg    + . .        s - +0 scale mail
rPois   ∞            k - +1 helmet {SInv}
rElec   +            p - scarf {rC+ rF+}
rCorr   .            (no gloves)
SInv    +            (no boots)
Will    .....        (no amulet) Stlth
                     (no ring)
HPRegen 0.28/turn    (no ring)
MPRegen 0.11/turn

%: no passive effects
@: glowing
A: sickness immunity, AC +5, negative energy resistance 1, electricity
resistance, torment resistance 1, petrification resistance, see invisible
a: Renounce Religion, Potion Petition, Call Merchant, Bribe Branch


You were on level 6 of the Dungeon.
You worshipped Gozag.
Gozag was aware of your devotion.
You visited 1 branch of the dungeon, and saw 6 of its levels.

You collected 599 gold pieces.
You spent 438 gold pieces at shops.

Inventory:

Hand Weapons
 a - a +0 mace (weapon)
 l - a +1 dire flail of draining
Missiles
 n - 16 poisoned darts
 u - 3 javelins
Armour
 b - a +0 robe
 d - an orb of light (worn)
 g - a +0 leather armour
 k - a +1 helmet of see invisible (worn)
 p - a scarf of resistance (worn)
 q - a +0 ring mail
 s - a +0 scale mail (worn)
Wands
 c - a wand of polymorph (4)
 o - a wand of mindburst (2)
 t - a wand of charming (14)
 D - a wand of flame (16)
Scrolls
 e - 3 scrolls of poison
 f - a scroll of vulnerability {unknown}
 h - a scroll of immolation {unknown}
 i - a scroll of teleportation {unknown}
 j - a scroll of torment {unknown}
 r - a scroll of fear {unknown}
 v - a scroll of revelation
 w - a scroll of silence
 y - 2 scrolls of identify
 A - a scroll of blinking {unknown}
 B - a scroll of amnesia {unknown}
 C - a scroll of fog {unknown}
Potions
 m - 4 potions of mutation
 x - 3 potions of brilliance


   Skills:
 + Level 5.8 Fighting
 * Level 7.0 Maces & Flails
 + Level 4.6 Armour
 - Level 2.4 Dodging


You had 7 spell levels left.
You didn't know any spells.
Your spell library contained the following spells:

 Spells                   Type           Power      Damage    Failure   Level
 Beastly Appendage        Tmut           0%         N/A       82%         1
 Summon Small Mammal      Summ           0%         N/A       82%         1
 Wereblood                Tmut           0%         N/A       91%         2
 Call Canine Familiar     Summ           0%         N/A       99%         3
 Gell's Gravitas          Tloc           0%         N/A       99%         3
 Ignite Poison            Fire/Tmut/Pois 0%         N/A       99%         3
 Spider Form              Tmut/Pois      0%         N/A       99%         3
 Summon Guardian Golem    Hex/Summ       0%         N/A       99%         3
 Teleport Other           Tloc           0%         N/A       99%         3
 Freezing Cloud           Conj/Ice/Air   0%         6-21      100%        5
 Dispersal                Tloc           0%         N/A       100%        6
 Cigotuvi's Dreadful Rot  Necr/Pois/Air  Unusable   N/A       N/A         2

Dungeon Overview and Level Annotations

Branches:
Dungeon (6/15)
 Temple: D:4-7

Altars:
Ashenzari
Elyvilon
Gozag
Kikubaaqudgha
Nemelex Xobeh
Sif Muna
The Shining One

Shops:
D:1 !   D:4 !**[


Innate Abilities, Weirdness & Mutations

You are immune to sickness and miasma.
Your stone body is resilient. (AC +5)
You are immune to poison.
You resist negative energy. (rN+)
You are resistant to electric shocks. (rElec)
You are resistant to unholy torment.
You are immune to petrification.
You have supernaturally acute eyesight. (SInv)


Message History

The wight hits you with a +0 hand axe.
* * * LOW HITPOINT WARNING * * *
You hit the wight but do no damage.
The wight is lightly damaged.
The wight hits you but does no damage.
You hit the wight but do no damage.
The wight is lightly damaged.
The wight hits you but does no damage.
You hit the wight.
The wight is moderately damaged.
The wight closely misses you.
You hit the wight.
The wight is moderately damaged.
The wight barely misses you.
You hit the wight but do no damage.
The wight is moderately damaged.
The wight hits you but does no damage.
You hit the wight.
The wight is heavily damaged.
The wight hits you but does no damage.
You completely miss the wight.
The wight is heavily damaged.
A wight comes into view. It is wielding a +3 mace of freezing.
The wight barely misses you.
You hit the wight but do no damage.
The wight is heavily damaged.
The wight hits you but does no damage.
You hit the wight but do no damage.
The wight is heavily damaged.
The wight hits you with a +0 hand axe!
* * * LOW HITPOINT WARNING * * *
You hit the wight but do no damage.
The wight is heavily damaged.
The wight hits you but does no damage.
You hit the wight.
The wight is heavily damaged.
The wight hits you but does no damage. The wight attacks as you move away!
The wight hits you with a +0 hand axe.
You die...
Your body crumbles into a pile of gold.

#..#.≈.....≈. #~~≈≈~#
#..#.≈.≈§§§§.
##~≈≈~~#######..#.≈≈...§§.
#~~≈≈~.......#..#.≈≈.§§≈§.
#~≈≈~~(.........#.≈§.§.≈≈.
~≈≈~...####.#..#.≈.§§≈.≈.
~~.#.# #.#..#.≈..§§§≈.
#)#.####)#..#..≈≈≈≈§..
#..zz@...#...#########
########.########.### #
......$...# #.# #
########..# #.# #### ...#
#.# #... ##.#
#.########.## .#
#..........# ..
##########.# ... #.#


You could see 2 wights.

Vanquished Creatures
  An ice beast (D:6)
  A centaur (D:5)
  Blork the orc (D:4)
  A scorpion (D:6)
  A wight (D:6)
  2 howler monkeys (D:4)
  2 hounds
  2 jellies
  A sleepcap (D:6)
  3 iguanas
  Ijyb (D:4)
  2 orc wizards (D:4)
  6 adders
  An ufetubus (D:4)
  5 worms
  3 dart slugs
  10 orcs
  7 ball pythons
  3 endoplasms
  4 giant cockroaches
  12 goblins
  7 hobgoblins
  3 jackals (D:3)
  2 quokkas (D:2)
  4 bats
  3 frilled lizards
  7 kobolds
  4 rats
99 creatures vanquished.

Notes
Turn   | Place    | Note
-------+----------+-------------------------------------------
     0 | D:1      | ketsa the Gargoyle Monk began the quest for the Orb.
     0 | D:1      | Reached XP level 1. HP: 14/14 MP: 1/1
   259 | D:1      | Reached XP level 2. HP: 19/19 MP: 2/2
   356 | D:1      | Reached skill level 1 in Armour
   495 | D:1      | Reached XP level 3. HP: 22/23 MP: 3/3
   860 | D:1      | Found Ciduegi's Distillery.
   869 | D:1      | Bought a potion of curing for 42 gold pieces
  1090 | D:2      | Reached skill level 4 in Maces & Flails
  1115 | D:2      | Reached XP level 4. HP: 29/29 MP: 4/4
  1509 | D:3      | Found an opulent altar of Gozag.
  1512 | D:3      | Found a glowing golden altar of the Shining One.
  1522 | D:3      | Became a worshipper of Gozag Ym Sagoz the Greedy
  1593 | D:3      | Found a broken altar of Ashenzari.
  1856 | D:3      | Found a white marble altar of Elyvilon.
  2130 | D:3      | Reached XP level 5. HP: 31/33 MP: 5/5
  2156 | D:4      | Noticed an ogre
  2291 | D:4      | Found Udees's General Store.
  2293 | D:4      | Noticed Blork the orc
  2311 | D:4      | Noticed Ijyb
  2319 | D:4      | Killed Blork the orc
  2320 | D:4      | Reached skill level 5 in Maces & Flails
  2320 | D:4      | Reached XP level 6. HP: 12/39 MP: 6/6
  2320 | D:4      | Gained mutation: You have supernaturally acute eyesight.
                  | (SInv) [potion of mutation]
  2334 | D:4      | Killed Ijyb
  2469 | D:4      | Found Nufestri's Antique Armour Shoppe.
  2469 | D:4      | Found Rax Atud's Distillery.
  2469 | D:4      | Found Omaif's General Store.
  2473 | D:4      | Bought a scroll of identify for 24 gold pieces
  2820 | D:4      | Found an ancient bone altar of Kikubaaqudgha.
  2861 | D:4      | Bought a shiny helmet for 180 gold pieces
  2980 | D:4      | Found a shimmering blue altar of Sif Muna.
  2994 | D:4      | Reached skill level 5 in Fighting
  3135 | D:4      | Bought a glowing scarf for 192 gold pieces
  3151 | D:5      | Entered Level 5 of the Dungeon
  3197 | D:5      | Reached XP level 7. HP: 36/44 MP: 7/7
  3307 | D:5      | Reached skill level 6 in Maces & Flails
  3911 | D:6      | Found a sparkling altar of Nemelex Xobeh.
  3983 | D:6      | Reached XP level 8. HP: 48/51 MP: 8/8
  4021 | D:6      | Reached skill level 7 in Maces & Flails
  4048 | D:6      | Slain by a wight

Illustrated notes

Levels and vault maps discovered:
D:1:      lightli_iron_boxes, layout_basic, serial_shops, nicolae_lakefront_shop
D:2:      layout_loops_ring
D:3:      layout_loops_cross, nicolae_overflow_squiral,
          cheibrodos_ashenzari_chains, elyvilon_altar_3
D:4:      layout_basic, nicolae_kikubaaqudgha_miasma_corner,
          kennysheep_orc_sif_temple, minmay_shop_grid_forest, uniq_ijyb,
          uniq_blork_the_orc
D:5:      layout_rooms, minmay_misc_feat_more_columns
D:6:      wander_river, layout_basic, mainiacjoe_overflow_paths,
          ebering_ghost_inner_flame, serial_shops, nicolae_shop_statue_plus,
          kennysheep_minor_cross, lightli_corner_chamber, uniq_edmund

Skill      XL: |  1  2  3  4  5  6  7  8 |
---------------+-------------------------+-----
Armour         | 1 2 3 4 |  4.6
Maces & Flails | 4 5 6 7 |  7.0
Fighting       | 4 5 |  5.8
Dodging        | |  2.4

Action                     |  1- 3 |  4- 6 |  7- 9 || total
---------------------------+-------+-------+-------++-------
  Melee: Mace              |    93 |   176 |   124 ||   393
    Use: Potion            |       |     5 |     1 ||     6
         Scroll            |       |     5 |       ||     5
   Stab: Distracted        |       |     1 |       ||     1
 Armour: Robe              |    43 |       |       ||    43
         Ring mail         |     4 |    63 |       ||    67
         Skin              |       |    62 |       ||    62
         Scale mail        |       |    18 |    80 ||    98
  Dodge: Dodged            |    74 |   106 |    59 ||   239

Table legend: (Time is in decaauts)
 A = Elapsed time spent in this place.
 B = Non-inter-level travel time spent in this place.
 C = Inter-level travel time spent in this place.
 D = Time resting spent in this place.
 E = Time spent auto-exploring this place.
 F = Levels seen in this place.
 G = Mean time per level.
                   A        B        C        D        E       F      G
               +--------+--------+--------+--------+--------+-----+--------+
         Total |   4113 |   3987 |    126 |    200 |   2372 |   6 |  685.5 |
       Dungeon |   4113 |   3987 |    126 |    200 |   2372 |   6 |  685.5 |
               +--------+--------+--------+--------+--------+-----+--------+

Top non-repeatable levels by time:
     D:4: 1007 daAuts
     D:1: 907 daAuts
     D:3: 703 daAuts
     D:2: 589 daAuts
     D:5: 548 daAuts
     D:6: 357 daAuts
